 Dungeon Crawl Stone Soup version 0.31-a0-816-gd61d57ddb1 (webtiles) character file.

Game seed: 13260662381993882388

9736 Nedwor the Slicer (level 11, -12/86 HPs)
             Began as a Demonspawn Fighter on Sept 21, 2023.
             Was a Believer of Uskayaw.
             Killed from afar by Jorgrun (25 damage)
             ... with an iron shot
             ... on level 11 of the Dungeon on Sept 22, 2023.
             The game lasted 00:21:14 (10862 turns).

Nedwor the Slicer (Demonspawn Fighter)             Turns: 10862, Time: 00:21:14

Health: -12/86     AC: 21    Str: 24    XL:     11   Next: 27%
Magic:  0/16       EV: 11    Int: 13    God:    Uskayaw [**....]
Gold:   756        SH:  5    Dex: 13    Spells: 10/10 levels left

rFire   + . .        a - +0 rapier
rCold   . . .        c - +0 buckler
rNeg    . . .        C - +1 plate armour of Fun and Games {Rampage Drain Will+ Str+4}
rPois   +            n - +1 helmet {Int+3}
rElec   .            o - +2 cloak
rCorr   .            g - +0 pair of gloves
SInv    .            (no boots)
Will    +....        t - amulet of guardian spirit Stlth
                     w - ring of poison resistance
HPRegen 0.34/turn    x - ring of protection from fire
MPRegen 0.30/turn

%: guardian spirit, rampage
@: mighty, hasted and slowed
A: hooves 2, spiny 1, magic regeneration, sturdy frame 3
a: Renounce Religion, Stomp, Line Pass


You were on level 11 of the Dungeon.
You worshipped Uskayaw.
Uskayaw was noncommittal.
You visited 1 branch of the dungeon, and saw 12 of its levels.
You also visited: Sewer.

You collected 756 gold pieces.

Inventory:

Hand Weapons
 a - a +0 rapier (weapon)
Missiles
 i - a throwing net
Armour
 c - a +0 buckler (worn)
 g - a +0 pair of gloves (worn)
 n - a +1 helmet of intelligence (worn)
 o - a +2 cloak (worn)
 C - the +1 plate armour of Fun and Games (worn) {Rampage Drain Will+ Str+4}
   (You found it on level 9 of the Dungeon)

   Str+4:     It affects your strength (+4).
   Will+:     It increases your willpower.
   Drain:     It drains your maximum health when unequipped.
   Rampage:   It bestows one free step when moving towards enemies.
Jewellery
 l - a ring of magical power
 m - the ring of Foolhardiness {Wiz Str+3}
   (You found it on level 4 of the Dungeon)

   [ring of wizardry]

   Wiz:       It improves your spell success rate.
   Str+3:     It affects your strength (+3).
 t - an amulet of guardian spirit (around neck)
 w - a ring of poison resistance (left hand)
 x - a ring of protection from fire (right hand)
 y - an amulet of magic regeneration
Talismans
 j - a maw talisman
Wands
 r - a wand of flame (38)
 s - a wand of iceblast (2)
Scrolls
 b - 4 scrolls of identify
 h - 3 scrolls of enchant armour
 q - a scroll of brand weapon
 u - 7 scrolls of teleportation
 v - 3 scrolls of poison
Potions
 d - a potion of might
 f - 9 potions of curing
 k - 2 potions of heal wounds
 p - a potion of magic
 z - a potion of invisibility
 A - a potion of haste
 B - a potion of berserk rage {unknown}
 D - a potion of enlightenment {unknown}


   Skills:
 + Level 7.8 Fighting
 * Level 9.3 Short Blades
 + Level 7.0 Armour
 + Level 4.8 Dodging
 + Level 2.6 Stealth
 + Level 6.9 Shields
 + Level 7.0 Invocations


You had 10 spell levels left.
You didn't know any spells.
Your spell library contained the following spells:

 Spells                   Type           Power      Damage    Failure   Level
 Ensorcelled Hibernation  Hex/Ice        0%         N/A       86%         2
 Passwall                 Tmut/Erth      0%         N/A       86%         2
 Inner Flame              Hex/Fire       0%         N/A       98%         3
 Stone Arrow              Conj/Erth      0%         3d7       98%         3
 Swiftness                Air            0%         N/A       98%         3
 Tukima's Dance           Hex            0%         N/A       98%         3
 Animate Armour           Summ/Erth      0%         N/A       100%        4
 Flame Wave               Conj/Fire      0%         2d4       100%        4
 Passage of Golubria      Tloc           0%         N/A       100%        4
 Sticky Flame             Conj/Fire      0%         2d3       100%        4
 Yara's Violent Unravell  Hex/Tmut       0%         3d3       100%        5
 Lehudib's Crystal Spear  Conj/Erth      0%         10d2      100%        8


Dungeon Overview and Level Annotations

Branches:
Dungeon (12/15)            Temple (0/1) D:6           Sewer (visited)
   Lair: D:8-11         Orc: D:9-12

Altars:
Cheibriados
Dithmenos
Gozag
Kikubaaqudgha
Makhleb
Qazlal
Ru
Uskayaw

Shops:
D:10 (

Annotations:
D:11 Jorgrun


Innate Abilities, Weirdness & Mutations

You have hoof-like feet.
You are partially covered in sharp spines.
You regenerate magic rapidly.
Your movements are significantly less encumbered by armour. (ER -6)


Message History

You turn to flesh and can move again.
The wraith is struck by your spines. The wraith hits you.
The wraith drains your vigour!
You feel as though you will be slow longer.
Two slime creatures merge to form an enormous slime creature.
Jorgrun casts a spell at you. You resist with some effort.
A large slime creature splits.
The wraith hits you but does no damage.
You climb upwards.
Found 4 gold pieces.
There is a stone staircase leading down here.
You feel yourself speed up. Jorgrun gestures at you while chanting.
The iron shot hits you!!! The wraith closely misses you.
The enormous slime creature is struck by your spines.
The enormous slime creature closely misses you.
Jorgrun barely misses you.
You feel very mighty all of a sudden. The wraith barely misses you.
The enormous slime creature hits you.
You miss Jorgrun. You kick Jorgrun!
Jorgrun is lightly wounded.
Jorgrun is struck by your spines.
Jorgrun hits you with a +0 heavy quarterstaff.
The wraith hits you. The wraith drains your vigour!
You feel as though you will be slow longer.
The enormous slime creature closely misses you.
You miss Jorgrun.
Jorgrun is lightly wounded.
The wraith is struck by your spines. The wraith hits you but does no damage.
You block the enormous slime creature's attack.
You hit Jorgrun.
Jorgrun is moderately wounded.
Jorgrun hits you with a +0 heavy quarterstaff!!
* * * LOW HITPOINT WARNING * * *
The wraith hits you but does no damage.
An enormous slime creature splits.
You miss Jorgrun.
Jorgrun is lightly wounded.
Jorgrun casts a spell at you. The iron shot hits you!!
You die...

#### ...
...#####.#
#.....@J#
#####WgJ.....#
#.######## #.
#. #. #. ..


You could see Jorgrun, 2 large slime creatures and a wraith.

Vanquished Creatures
  Maurice (D:9)
  A gargoyle (D:10)
  A komodo dragon (D:12)
  2 trolls
  20 yaks
  3 wraiths
  2 steam dragons
  2 acid dragons
  Duvessa (D:5)
  An orc warrior (D:7)
  4 black bears
  An ice beast (D:7)
  5 sky beasts
  A centaur (D:7)
  3 phantoms
  5 kobold brigands
  Blork the orc (D:4)
  3 bullfrogs
  2 gnoll sergeants
  3 scorpions
  5 wights (D:9)
  Dowan (D:5)
  17 killer bees
  4 howler monkeys
  4 orc priests
  3 hounds
  A jelly (D:5)
  2 sleepcaps
  4 iguanas
  3 orc wizards
  8 gnolls
  4 adders
  A river rat (Sewer)
  2 shadow imps
  3 white imps (D:6)
  5 worms
  2 dart slugs
  28 orcs
  3 bats
  11 endoplasms
  6 giant cockroaches
  4 hobgoblins
  6 jackals
  10 kobolds
  5 quokkas
  13 ball pythons
  2 frilled lizards (D:2)
  2 goblins
  9 rats
230 creatures vanquished.

Vanquished Creatures (others)
  A hornet (D:10)
  A shadow (D:10)
  A yak (D:10)
  An orc (D:7)
4 creatures vanquished.

Grand Total: 234 creatures vanquished

Notes
Turn   | Place    | Note
-------+----------+-------------------------------------------
     0 | D:1      | Nedwor the Demonspawn Fighter began the quest for the Orb.
     0 | D:1      | Reached XP level 1. HP: 18/18 MP: 1/1
   125 | D:1      | Reached skill level 2 in Short Blades
   225 | D:1      | Gained mutation: You have large cloven feet. [demonic
                  | ancestry]
   225 | D:1      | Reached XP level 2. HP: 22/24 MP: 2/2
  1043 | D:2      | Gained mutation: Your movements are slightly less
                  | encumbered by armour. (ER -2) [demonic ancestry]
  1043 | D:2      | Reached XP level 3. HP: 28/29 MP: 3/3
  1121 | D:2      | Found a faded altar of an unknown god.
  1546 | D:3      | Found a glowing drain.
  1575 | Sewer    | Entered a sewer
  1592 | Sewer    | Noticed a kobold brigand
  1614 | Sewer    | Killed a kobold brigand
  1615 | Sewer    | Reached skill level 3 in Short Blades
  1615 | Sewer    | Gained mutation: You are partially covered in sharp spines.
                  | [demonic ancestry]
  1615 | Sewer    | Reached XP level 4. HP: 25/37 MP: 4/4
  1621 | Sewer    | Reached XP level 5. HP: 31/42 MP: 5/5
  1913 | Sewer    | Gained mutation: Your movements are less encumbered by
                  | armour. (ER -4) [demonic ancestry]
  1913 | Sewer    | Reached XP level 6. HP: 25/48 MP: 6/6
  2023 | Sewer    | Reached skill level 4 in Short Blades
  2377 | D:3      | Found a hide-covered altar of Uskayaw.
  2612 | D:3      | Found an ancient bone altar of Kikubaaqudgha.
  2998 | D:4      | Reached XP level 7. HP: 48/55 MP: 7/7
  3008 | D:4      | Found a sacrificial altar of Ru.
  3175 | D:4      | Found a burning altar of Makhleb.
  3261 | D:4      | Noticed Blork the orc
  3266 | D:4      | Killed Blork the orc
  3837 | D:4      | Noticed a green death
  3907 | D:4      | Reached skill level 5 in Short Blades
  3970 | D:4      | Identified the ring of Foolhardiness {Wiz Str+3}
  4095 | D:4      | Identified the +2 spear of Dung {freeze, rN+}
  4265 | D:5      | Entered Level 5 of the Dungeon
  4286 | D:5      | Noticed Duvessa
  4286 | D:5      | Noticed Dowan
  4300 | D:5      | Killed Duvessa
  4301 | D:5      | Reached skill level 5 in Fighting
  4305 | D:5      | Killed Dowan
  4306 | D:5      | Gained mutation: Your movements are significantly less
                  | encumbered by armour. (ER -6) [demonic ancestry]
  4306 | D:5      | Reached XP level 8. HP: 27/62 MP: 0/8
  4470 | D:5      | Found an opulent altar of Gozag.
  4784 | D:5      | Reached skill level 6 in Short Blades
  5206 | D:3      | Became a worshipper of Uskayaw the Reveller
  5286 | D:6      | Reached * piety under Uskayaw
  5448 | D:6      | Identified the +0 cloak "Fulay" {Contam rPois Stlth+}
  5520 | D:6      | Reached ** piety under Uskayaw
  5528 | D:6      | Reached skill level 1 in Invocations
  5528 | D:6      | Reached *** piety under Uskayaw
  5534 | D:6      | Found a staircase to the Ecumenical Temple.
  5540 | D:6      | Upgraded the game from 0.31-a0-806-g0bc164a743 to
                  | 0.31-a0-816-gd61d57ddb1
  5598 | D:6      | Reached skill level 5 in Armour
  5598 | D:6      | Reached skill level 5 in Shields
  5691 | D:6      | Found a snail-covered altar of Cheibriados.
  5718 | D:6      | Reached skill level 1 in Dodging
  5719 | D:6      | Reached **** piety under Uskayaw
  5736 | D:6      | Reached ***** piety under Uskayaw
  6199 | D:7      | Gained mutation: You have hoof-like feet. [demonic
                  | ancestry]
  6199 | D:7      | Reached XP level 9. HP: 64/69 MP: 7/11
  6382 | D:7      | Found a shadowy altar of Dithmenos.
  6426 | D:7      | Reached skill level 7 in Short Blades
  6498 | D:7      | Identified the +5 flail "Imetuchot" {heavy, rN+ MP+9}
  7103 | D:8      | Found a stormy altar of Qazlal.
  7878 | D:9      | Identified the +4 robe of Deizear {Int+2 Dex+2 Slay+2}
  7890 | D:9      | Gained mutation: You regenerate magic rapidly. [demonic
                  | ancestry]
  7890 | D:9      | Reached XP level 10. HP: 49/77 MP: 9/13
  7892 | D:9      | Reached ****** piety under Uskayaw
  7894 | D:9      | Reached skill level 8 in Short Blades
  7894 | D:9      | Reached skill level 5 in Invocations
  8234 | D:9      | Identified the +1 plate armour of Fun and Games {Rampage
                  | Drain Will+ Str+4}
  8275 | D:9      | Noticed Maurice
  8280 | D:9      | Maurice stole the ring of Foolhardiness {Wiz Str+3}
  8291 | D:9      | Killed Maurice
  8800 | D:10     | Entered Level 10 of the Dungeon
  8825 | D:10     | Found Nieteboe's Weapon Emporium.
  8839 | D:10     | Noticed a gargoyle
  8856 | D:10     | Killed a gargoyle
  9442 | D:10     | Reached skill level 1 in Stealth
  9860 | D:10     | Reached skill level 9 in Short Blades
  9871 | D:10     | Reached XP level 11. HP: 42/84 MP: 3/15
 10057 | D:10     | You fall into a shaft and drop 2 floors!
 10843 | D:12     | Noticed Jorgrun
 10862 | D:11     | Killed from afar by Jorgrun

Illustrated notes

Levels and vault maps discovered:
D:1:      arrival_zaba_pyramid, layout_basic, nrook_campfire,
          minmay_tetromino_t4
D:2:      layout_loops_cross, shapermc_ecumenical_altar_mp_highgroup
D:3:      layout_loops_corners, kiku_gazebo_garden_becter,
          eat_drink_and_be_merry_uskayaw, gup_sewer_entry_pipe,
          chequers_serial_rivers_large_a, serial_bayou_ford_a, minivault_24,
          serial_park_tiny_2
D:4:      layout_cave_pods, makhleb_altar_promises_db,
          mainiacjoe_overflow_catwalk, uniq_blork_the_orc
D:5:      layout_basic, mainiacjoe_overflow_boulevard, uniq_duvessa
D:6:      layout_loops_cross, mainiacjoe_overflow_cross_hatched,
          minmay_temple_entry_drinking_statues, grunt_decor_one_mirror
D:7:      layout_cave_pools, nicolae_dithmenos_shadow_blocks,
          minmay_gold_behind_fungi
D:8:      layout_basic, kennysheep_mini, nicolae_qazlal_general_emergency,
          nicolae_straight_to_the_point
D:9:      layout_cave_pools, marbit_many_paths, eino_tiny_chamber, uniq_maurice
D:10:     layout_small_grid, kennysheep_little_box,
          grunt_lair_entry_orc_guard_hut, kennysheep_windowed_goal
D:11:     layout_loops_ring, minmay_orc_entry_temple_small,
          kennysheep_small_square
D:12:     layout_loops_ring, uniq_jorgrun

Skill      XL: |  1  2  3  4  5  6  7  8  9 10 11 |
---------------+----------------------------------+-----
Short Blades   | 2 3 4 5 6 7 9 |  9.3
Armour         | 3 4 5 6 7 |  7.0
Shields        | 3 4 5 6 |  6.9
Fighting       | 4 5 6 7 |  7.8
Invocations    | 2 4 6 7 |  7.0
Dodging        | 1 3 4 |  4.8
Stealth        | 2 |  2.6

Action                     |  1- 3 |  4- 6 |  7- 9 | 10-12 || total
---------------------------+-------+-------+-------+-------++-------
  Melee: Rapier            |   188 |   115 |   329 |   252 ||   884
         Kick              |    35 |    29 |   106 |    88 ||   258
 Invoke: Line Pass         |       |       |       |     1 ||     1
    Use: Scroll            |     7 |       |     6 |     4 ||    17
         Potion            |       |       |     3 |     6 ||     9
   Stab: Paralysed         |       |       |    14 |    14 ||    28
 Armour: Scale mail        |    49 |       |       |       ||    49
         Chain mail        |   122 |    55 |    18 |       ||   195
         Plate armour      |       |       |   241 |   217 ||   458
  Dodge: Dodged            |    69 |    28 |   120 |   115 ||   332
  Block: Buckler           |    53 |    22 |    74 |    49 ||   198

Table legend: (Time is in decaauts)
 A = Elapsed time spent in this place.
 B = Non-inter-level travel time spent in this place.
 C = Inter-level travel time spent in this place.
 D = Time resting spent in this place.
 E = Time spent auto-exploring this place.
 F = Levels seen in this place.
 G = Mean time per level.
                   A        B        C        D        E       F      G
               +--------+--------+--------+--------+--------+-----+--------+
         Total |  10916 |  10457 |    459 |   1866 |   6796 |  13 |  839.7 |
       Dungeon |  10312 |   9853 |    459 |   1866 |   6379 |  12 |  859.3 |
         Sewer |    603 |    603 |      0 |      0 |    416 |   1 |  603.0 |
               +--------+--------+--------+--------+--------+-----+--------+

Top non-repeatable levels by time:
     D:4: 1309 daAuts
    D:10: 1250 daAuts
     D:3: 1236 daAuts
     D:8: 1159 daAuts
     D:5: 887 daAuts
     D:6: 823 daAuts
     D:7: 783 daAuts
    D:12: 768 daAuts
     D:9: 717 daAuts
     D:2: 714 daAuts
     D:1: 656 daAuts
   Sewer: 603 daAuts
    D:11: 6 daAuts
